 Dungeon Crawl Stone Soup version 0.27-a0-380-g150de4c316 (webtiles) character file.

Game seed: 5178638887017209359

10592 wakim the Destroyer (level 11, -2/64 HPs)
             Began as a Deep Elf Conjurer on Feb 17, 2021.
             Was a Priest of Vehumet.
             Slain by a komodo dragon (19 damage)
             ... on level 1 of the Lair of Beasts.
             The game lasted 00:45:27 (12620 turns).

wakim the Destroyer (Deep Elf Conjurer)            Turns: 12620, Time: 00:45:28

Health: -2/64      AC:  7    Str:  7    XL:     11   Next: 38%
Magic:  7/26       EV: 17    Int: 24    God:    Vehumet [***...]
Gold:   781        SH:  0    Dex: 13    Spells: 10/28 levels left

rFire    + . .     SeeInvis .   b - +3 dagger (flame)
rCold    + . .     Faith    .   (no shield)
rNeg     . . .     Spirit   .   J - +0 robe
rPois    .         Reflect  .   L - +2 hat
rElec    .         Harm     .   C - +0 cloak
rCorr    .         Rampage  .   w - +0 pair of gloves
Will     +....                  c - +0 pair of boots
Stlth    ++........             (no amulet)
HPRegen  0.20/turn              K - ring of protection from cold
MPRegen  0.20/turn              x - ring of protection from fire

@: very slow
A: no striking features
a: Renounce Religion


You were on level 1 of the Lair of Beasts.
You worshipped Vehumet.
Vehumet was most pleased with you.
You visited 3 branches of the dungeon, and saw 12 of its levels.

You collected 781 gold pieces.

Inventory:

Hand Weapons
 a - a +0 demon whip of flaming
 b - a +3 dagger of flaming (weapon)
Armour
 c - a +0 pair of boots (worn)
 w - a +0 pair of gloves (worn)
 C - a +0 cloak (worn)
 D - a +1 ring mail of poison resistance
 J - a +0 robe (worn)
 L - a +2 hat (worn)
Magical Staves
 H - a staff of poison
Jewellery
 q - a ring of protection from fire
 v - a +4 ring of protection
 x - a ring of protection from fire (right hand)
 A - a ring of willpower
 K - a ring of protection from cold (left hand)
Wands
 y - a wand of acid (3)
 z - a wand of polymorph (9)
 F - a wand of flame (13)
 O - a wand of mindburst (12)
Scrolls
 d - 4 scrolls of amnesia {unknown}
 f - a scroll of immolation {unknown}
 g - a scroll of noise {unknown}
 j - a scroll of enchant weapon {unknown}
 k - 7 scrolls of teleportation {unknown}
 l - 6 scrolls of blinking {unknown}
 n - 3 scrolls of fog {unknown}
 o - 3 scrolls of magic mapping {unknown}
 G - 2 scrolls of identify
 I - a scroll of enchant armour {unknown}
 M - a scroll of torment {unknown}
 N - a scroll of fear {unknown}
Potions
 e - 2 potions of heal wounds
 h - a potion of brilliance
 i - a potion of attraction {unknown}
 m - 3 potions of ambrosia
 p - 2 potions of flight
 r - a potion of magic {unknown}
 s - 2 potions of might
 t - 2 potions of resistance
 u - 3 potions of curing
 B - a potion of cancellation {unknown}
 E - a potion of haste {unknown}


   Skills:
 + Level 5.4 Fighting
 + Level 10.0 Dodging
 + Level 7.5 Stealth
 + Level 9.2 Spellcasting
 * Level 11.7 Conjurations
 + Level 4.7 Hexes
 + Level 4.3 Translocations
 + Level 2.7 Fire Magic
 + Level 1.0 Air Magic


You had 10 spell levels left.
You knew the following spells:

 Your Spells              Type           Power        Failure   Level
a - Magic Dart            Conj           100%         1%          1
b - Searing Ray           Conj           100%         1%          2
c - Fulminant Prism       Conj/Hex       25%          1%          4
d - Iskenderun's Mystic   Conj/Tloc      49%          1%          4
e - Conjure Flame         Conj/Fire      45%          1%          3
f - Airstrike             Air            8%           11%         4

Your spell library contained the following spells:

 Spells                   Type           Power        Failure   Level
 Corona                   Hex            36%          1%          1
 Slow                     Hex            33%          1%          2
 Dazzling Flash           Conj/Hex       100%         1%          3
 Inner Flame              Hex/Fire       29%          1%          3
 Portal Projectile        Hex/Tloc       64%          2%          3
 Cause Fear               Hex            16%          9%          4
 Leda's Liquefaction      Hex/Erth       11%          22%         4
 Chain Lightning          Conj/Air       20%          99%         8
 Lehudib's Crystal Spear  Conj/Erth      19%          100%        8
 Absolute Zero            Ice            5%           100%        9
 Fire Storm               Conj/Fire      22%          100%        9


Dungeon Overview and Level Annotations

Branches:
Dungeon (10/15)            Temple (1/1) D:5            Lair (1/6) D:9
    Orc: D:9-12

Altars:
Ashenzari
Cheibriados
Dithmenos
Elyvilon
Fedhas
Gozag
Hepliaklqana
Kikubaaqudgha
Okawaru
Qazlal
Ru
Sif Muna
Trog
Uskayaw
Vehumet
Wu Jian
Xom
Yredelemnul
Zin
The Shining One

Shops:
D:6 ?   D:8 [   D:10 (

Annotations:
D:6 exclusion: oklob plant


Message History

The wyvern bites you! The wyvern closely misses you.
Casting: Iskenderun's Mystic Blast (dangerous; 1% risk of failure)
Confirm with . or Enter, or press ? or * to list all spells.
You erupt in a blast of force!
The mystic blast hits the komodo dragon.
The komodo dragon is lightly wounded.
The mystic blast hits the water moccasin!
The water moccasin is severely wounded.
The water moccasin is knocked back by the mystic blast.
The mystic blast hits the wyvern!
The wyvern is severely wounded.
The wyvern is knocked back by the mystic blast.
The wyvern collides with the komodo dragon!
The wyvern closely misses you.
Casting: Iskenderun's Mystic Blast (dangerous; 1% risk of failure)
Confirm with . or Enter, or press ? or * to list all spells.
You erupt in a blast of force!
The mystic blast hits the yak!
You kill the yak!
Vehumet accepts your kill.
You feel your power returning.
The mystic blast hits the water moccasin!
You kill the water moccasin!
Vehumet accepts your kill.
You feel your power returning.
The mystic blast hits the komodo dragon!
The komodo dragon is heavily wounded.
The komodo dragon is knocked back by the mystic blast.
The mystic blast hits the wyvern.
You kill the wyvern!
Vehumet accepts your kill.
You feel your power returning.
Your Air Magic skill increases to level 1!
You enter the shallow water.
Moving in this stuff is going to be slow.
The komodo dragon bites you!!
* * * LOW HITPOINT WARNING * * *
The yak misses you. The komodo dragon bites you!!
You die...

...#.....# ....#
...#.....# ....#
...#.....##########....#
...#.....##P##...≈≈≈...##
###..........≈.≈≈≈≈≈≈...#
.........†....≈≈≈≈≈≈≈≈...
.............≈≈≈≈≈≈≈≈≈...
.......†.††.≈≈≈Y...≈≈≈...
..........##≈≈≈l@<≈≈≈≈≈+
#..###.....#≈≈≈≈...≈≈≈≈..
......#...##.≈≈≈≈≈≈≈≈≈...
......#...##.≈≈≈≈≈≈≈≈....
...†..#........≈≈≈≈≈≈....
...††Y#...####..≈..≈..#..
...[..†...# #..#.#...# .
..........###.#.##....#
#..#.##†........


You could see a komodo dragon and a yak.

Vanquished Creatures
  Harold (D:7)
  A two-headed ogre (D:10)
  An ugly thing (D:10)
  Maurice (D:9)
  A komodo dragon (D:9)
  2 trolls
  Prince Ribbit (D:6)
  A hornet (D:10)
  2 basilisks (D:9)
  3 wyverns
  18 yaks
  2 water moccasins (Lair:1)
  Duvessa (D:7)
  A swamp drake (D:9)
  An ice beast (D:6)
  7 orc warriors
  A sky beast (D:10)
  3 ogres
  A centaur (D:5)
  3 phantoms
  Blork the orc (D:4)
  A kobold brigand (D:7)
  10 bullfrogs
  Dowan (D:7)
  A scorpion (D:4)
  A water moccasin skeleton (D:5)
  4 killer bees (D:9)
  A lava snake (D:10)
  4 hounds
  2 jellies
  9 orc priests
  Jessica (D:2)
  4 iguanas
  Natasha (thrice) (D:2)
  7 orc wizards
  4 worker ants
  A hound zombie (D:7)
  2 hound skeletons
  Robin (D:2)
  6 gnolls
  10 adders
  2 shadow imps
  A white imp (D:7)
  An ufetubus (D:10)
  An ooze (D:7)
  2 adder skeletons
  2 worms (D:3)
  5 dart slugs
  4 leopard geckos
  38 orcs
  8 giant cockroaches
  13 goblins
  13 hobgoblins
  15 jackals
  3 quokkas
  5 bats
  5 frilled lizards
  10 kobolds
  A rat (D:2)
255 creatures vanquished.

Vanquished Creatures (others)
  52 fulminant prisms
  2 fungi (Lair:1)
  A plant (Lair:1)
55 creatures vanquished.

Grand Total: 310 creatures vanquished

Notes
Turn   | Place    | Note
-------+----------+-------------------------------------------
     0 | D:1      | wakim the Deep Elf Conjurer began the quest for the Orb.
     0 | D:1      | Reached XP level 1. HP: 10/10 MP: 6/6
   287 | D:1      | Reached XP level 2. HP: 15/15 MP: 2/8
   360 | D:1      | Learned a level 2 spell: Searing Ray
  1125 | D:2      | Reached skill level 5 in Conjurations
  1125 | D:2      | Reached XP level 3. HP: 14/19 MP: 4/10
  1219 | D:2      | Noticed Jessica
  1225 | D:2      | Killed Jessica
  1421 | D:2      | Reached XP level 4. HP: 24/24 MP: 8/12
  1426 | D:2      | Learned a level 4 spell: Fulminant Prism
  1431 | D:2      | Learned a level 4 spell: Iskenderun's Mystic Blast
  1712 | D:2      | Reached skill level 5 in Spellcasting
  1995 | D:2      | Noticed Robin
  1999 | D:2      | Killed Robin
  2141 | D:2      | Reached XP level 5. HP: 28/28 MP: 12/14
  2345 | D:2      | Found a broken altar of Ashenzari.
  2345 | D:2      | Noticed Natasha
  2349 | D:2      | Killed Natasha
  2469 | D:2      | Noticed Natasha
  2472 | D:2      | Killed Natasha
  2505 | D:2      | Noticed Natasha
  2510 | D:2      | Killed Natasha
  2541 | D:3      | Found a shadowy altar of Dithmenos.
  2600 | D:3      | Reached skill level 6 in Conjurations
  2777 | D:3      | Found a glowing silver altar of Zin.
  2894 | D:3      | Found a sacrificial altar of Ru.
  3096 | D:3      | Reached XP level 6. HP: 19/33 MP: 11/16
  3542 | D:4      | Reached skill level 1 in Fighting
  3595 | D:4      | Noticed Blork the orc
  3625 | D:4      | Reached skill level 1 in Hexes
  3754 | D:4      | Reached skill level 1 in Translocations
  3880 | D:4      | Found a glowing golden altar of the Shining One.
  3979 | D:4      | Killed Blork the orc
  3980 | D:4      | Reached XP level 7. HP: 38/38 MP: 6/18
  4237 | D:5      | Entered Level 5 of the Dungeon
  4262 | D:5      | Found an iron altar of Okawaru.
  4482 | D:5      | Found a staircase to the Ecumenical Temple.
  4493 | D:5      | Reached skill level 7 in Conjurations
  4659 | Temple   | Entered the Ecumenical Temple
  4677 | Temple   | Became a worshipper of Vehumet
  5110 | D:5      | Found a shimmering altar of Xom.
  5473 | D:6      | Reached XP level 8. HP: 45/45 MP: 13/19
  5516 | D:6      | Found Fubegab's Magic Scroll Boutique.
  5535 | D:6      | Found a blossoming altar of Fedhas.
  5559 | D:6      | Noticed an oklob plant
  5637 | D:6      | Noticed Prince Ribbit
  5643 | D:6      | Reached skill level 5 in Dodging
  5643 | D:6      | Reached skill level 8 in Conjurations
  5648 | D:6      | Killed Prince Ribbit
  5941 | D:6      | Found a hide-covered altar of Uskayaw.
  5941 | D:6      | Found a shimmering blue altar of Sif Muna.
  6465 | D:7      | Found a stormy altar of Qazlal.
  6577 | D:7      | Noticed a troll
  6590 | D:7      | Killed a troll
  6591 | D:7      | Reached skill level 9 in Conjurations
  6779 | D:7      | Noticed Duvessa
  6779 | D:7      | Noticed Dowan
  6785 | D:7      | Killed Duvessa
  6786 | D:7      | Reached XP level 9. HP: 51/51 MP: 12/20
  6793 | D:7      | Killed Dowan
  6793 | D:7      | Reached * piety under Vehumet
  6793 | D:7      | Offered knowledge of Shock by Vehumet.
  6960 | D:7      | Noticed Harold
  6978 | D:7      | Killed Harold
  7661 | D:8      | Reached skill level 5 in Stealth
  7850 | D:8      | Reached skill level 10 in Conjurations
  8346 | D:8      | Found Mamirhy's Armour Shoppe.
  8372 | D:8      | Found an ornate altar of the Wu Jian Council.
  8717 | D:8      | Offered knowledge of Freeze by Vehumet.
  8876 | D:9      | Reached ** piety under Vehumet
  8877 | D:9      | Reached XP level 10. HP: 53/58 MP: 9/23
  9397 | D:9      | Found a staircase to the Lair.
 10018 | D:9      | Reached skill level 11 in Conjurations
 10185 | D:9      | Noticed Maurice
 10363 | D:9      | Killed Maurice
 10363 | D:9      | Offered knowledge of Conjure Flame by Vehumet.
 10417 | D:9      | Identified the +8 great sword of Ceudo {vamp, Fragile rPois
                  | MP+9 Str+3 Dex+4}
 10420 | D:9      | Learned a level 3 spell: Conjure Flame
 10644 | D:9      | Found a hazy altar of Hepliaklqana.
 10750 | D:9      | Reached skill level 5 in Fighting
 10846 | D:10     | Entered Level 10 of the Dungeon
 11081 | D:9      | Reached skill level 1 in Fire Magic
 11191 | D:10     | Found Xeov Qof's Weapon Emporium.
 11262 | D:10     | Reached *** piety under Vehumet
 11446 | D:10     | Reached XP level 11. HP: 28/63 MP: 3/25
 11624 | D:10     | Noticed a brown ugly thing
 11637 | D:10     | Killed a brown ugly thing
 11652 | D:10     | Noticed a two-headed ogre
 11660 | D:10     | Killed a two-headed ogre
 12122 | D:10     | Offered knowledge of Airstrike by Vehumet.
 12146 | D:10     | Learned a level 4 spell: Airstrike
 12508 | Lair:1   | Entered Level 1 of the Lair of Beasts
 12602 | Lair:1   | Reached skill level 10 in Dodging
 12616 | Lair:1   | Reached skill level 1 in Air Magic
 12620 | Lair:1   | Slain by a komodo dragon

Illustrated notes

Levels and vault maps discovered:
D:1:      dpeg_arrival_stonehenge_8_columns, layout_basic
D:2:      layout_loops_ring, ashenzari_altar_1, uniq_natasha, uniq_jessica,
          uniq_robin
D:3:      layout_rooms, nicolae_ru_awakened_eye, zin_treasury,
          grunt_dithmenos_smoke_and_mirrors
D:4:      layout_basic, tso_oasis_becter, kennysheep_diamond, uniq_blork_the_orc
D:5:      layout_loops_ring, nicolae_overflow_hidden_temple, xom_butterflies,
          minmay_temple_entry_statues_pillars
D:6:      layout_loops_cross, tgw_fedhas, gammafunk_temple_overflow_wave,
          serial_shops, shop, uniq_prince_ribbit1
D:7:      layout_gridville, lemuel_crystal_altar, uniq_harold, uniq_duvessa
D:8:      layout_basic, old_standard_altar, serial_shops, kennysheep_mini
D:9:      layout_basic, nicolae_overflow_crystal_walls, erik_lair_dragon,
          minmay_misc_feat_cross, uniq_maurice
D:10:     layout_rooms, serial_shops, nicolae_shop_window_shopping,
          kennysheep_generic_room_16
Temple:   compressed_dpeg_triangle_lava_temple
Lair:1:   layout_regular_city, beast_lair_carwin_11,
          infiniplex_staircase_pool_2, grunt_megastairs_5, serial_bayou_shore_b,
          serial_bayou_shore_b, serial_bayou_shore_b

Skill      XL: |  1  2  3  4  5  6  7  8  9 10 11 |
---------------+----------------------------------+-----
Spellcasting   | 4 5 6 7 8 9 |  9.2
Conjurations   | 5 6 7 9 10 11 | 11.7
Dodging        | 3 4 6 8 9 10 | 10.0
Stealth        | 3 4 5 7 |  7.5
Fighting       | 1 2 3 4 5 |  5.4
Hexes          | 1 3 4 |  4.7
Translocations | 1 2 3 4 |  4.3
Fire Magic     | 1 2 |  2.7
Air Magic      | 1 |  1.0

Action                   |  1- 3 |  4- 6 |  7- 9 | 10-12 || total
-------------------------+-------+-------+-------+-------++-------
Melee: Short sword       |     1 |     7 |     3 |       ||    11
       Demon whip        |       |       |     2 |       ||     2
       Dagger            |       |       |       |     5 ||     5
 Cast: Magic Dart        |    46 |    49 |    34 |     9 ||   138
       Searing Ray       |     6 |    29 |    47 |    50 ||   132
       Fulminant Prism   |       |     2 |    23 |    27 ||    52
       Iskenderun's Myst |       |       |     8 |    23 ||    31
       Conjure Flame     |       |       |       |     1 ||     1
  Use: Scroll            |       |       |     5 |     5 ||    10
 Stab: Sleeping          |       |       |     1 |       ||     1
Armor: Robe              |     2 |     5 |     5 |     9 ||    21
Dodge: Dodged            |     5 |     9 |    23 |    37 ||    74

Table legend: (Time is in decaauts)
 A = Elapsed time spent in this place.
 B = Non-inter-level travel time spent in this place.
 C = Inter-level travel time spent in this place.
 D = Time resting spent in this place.
 E = Time spent auto-exploring this place.
 F = Levels seen in this place.
 G = Mean time per level.
                   A        B        C        D        E       F      G
               +--------+--------+--------+--------+--------+-----+--------+
         Total |  12628 |  12182 |    446 |   4376 |   6009 |  12 | 1052.3 |
       Dungeon |  12478 |  12050 |    428 |   4346 |   5982 |  10 | 1247.8 |
        Temple |     36 |     19 |     17 |      0 |      2 |   1 |   36.0 |
          Lair |    113 |    113 |      0 |     30 |     25 |   1 |  113.0 |
               +--------+--------+--------+--------+--------+-----+--------+

Top non-repeatable levels by time:
     D:9: 2617 daAuts
     D:7: 1561 daAuts
     D:2: 1407 daAuts
     D:1: 1114 daAuts
    D:10: 1102 daAuts
     D:5: 1051 daAuts
     D:8: 1029 daAuts
     D:6: 873 daAuts
     D:3: 872 daAuts
     D:4: 849 daAuts
  Lair:1: 113 daAuts
  Temple: 36 daAuts
